 Dungeon Crawl Stone Soup version 0.31-a0-1068-g5939ac1fb6 (webtiles) character file.

Game seed: 6175723436007398432

140950 Amplified the Warrior (level 16, -5/169 HPs)
             Began as a Minotaur Shapeshifter on Nov 15, 2023.
             Was a High Priest of Ashenzari.
             Shot with an arrow by a deep elf archer (21 damage)
             ... on level 2 of the Elven Halls on Nov 23, 2023.
             The game lasted 01:23:10 (21744 turns).

Amplified the Warrior (Minotaur Shapeshifter)      Turns: 21744, Time: 01:23:10

Health: -5/169     AC: 16    Str: 26    XL:     16   Next: 77%
Magic:  24/24      EV: 18    Int:  9    God:    Ashenzari [*****.]
Gold:   362        SH:  5    Dex: 16    Spells: 11/15 levels left

rFire   + . .        T - melded -1 demon whip "Per Aspera Ad Scientiam" {venom, Fort, Bglg} (curse)
rCold   + . .        E - melded +2 buckler of Supernal Gnosis {AC+3, Melee, Range} (curse)
rNeg    . . .        b - +1 leather armour of the Shattered Ennui {rPois Str+3 Int-2 Slay+3, Elem, Alch} (curse)
rPois   +            z - +2 hat {Will+}
rElec   +            x - scarf "Insecurity of Ashenzari" {rC+ rF+, rElec rPois MP+9, Bglg, Alch} (curse)
rCorr   .            O - +0 pair of gloves of the Unyielding Gaze {Cun, Alch} (curse)
SInv    +            g - +0 pair of boots "Sibylline Foul Odours" {Fly, Melee, Dev} (curse)
Will    +++..        n - amulet "Disgust of Ashenzari" {Reflect SH+5, Self, Bglg} (curse)
Stlth   ++           q - ring "I Knew You'd Do That" {Dex+6, Comp, Fort} (curse)
HPRegen 0.48/turn    r - ring of the Mantic Yoke {AC+4, Elem, Comp} (curse)
MPRegen 0.19/turn

%: reflection, clarity
@: flux-form, flying, glowing
A: glow, contaminating, horns 2, retaliatory headbutt, iridescent scales 1,
strong-willed 1
a: Begin Untransformation, Renounce Religion, Shatter the Chains


You were on level 2 of the Elven Halls.
You worshipped Ashenzari.
Ashenzari was extremely pleased with you.
You were something dangerously unstable.
You visited 7 branches of the dungeon, and saw 30 of its levels.
You also visited: Ice Cave.

You collected 3074 gold pieces.
You spent 2712 gold pieces at shops.

Inventory:

Hand Weapons
 C - a +2 broad axe of draining
 T - the cursed -1 demon whip "Per Aspera Ad Scientiam" (melded) {venom, Fort, Bglg}
   (You took it off Amaemon on level 2 of the Lair of Beasts)

   It has a curse which improves the following skills: Fortitude: Armour and
   Shields.
   Beguiling: Conjurations, Hexes and Translocations.
Missiles
 s - 3 throwing nets
Armour
 b - the cursed +1 leather armour of the Shattered Ennui (worn) {rPois Str+3 Int-2 Slay+3, Elem, Alch}
   (You found it on level 6 of the Dungeon)

   Str+3:     It affects your strength (+3).
   Int-2:     It affects your intelligence (-2).
   Slay+3:    It affects your accuracy & damage with ranged weapons and melee
   (+3).
   rPois:     It protects you from poison It has a curse which improves the
   following skills: Elements: Fire Magic, Ice Magic, Air Magic and Earth Magic.
   Alchemy:   Poison Magic and Transmutations.
 g - the cursed +0 pair of boots "Sibylline Foul Odours" (worn) {Fly, Melee, Dev}
   (You found it on level 1 of the Dungeon)

   It has a curse which improves the following skills: Melee Combat: Short
   Blades, Long Blades, Axes, Maces & Flails, Polearms, Staves and Unarmed
   Combat.
   Devices:   Evocations and Shapeshifting.
 i - a +1 pair of boots of stealth
 x - the cursed scarf "Insecurity of Ashenzari" (worn) {rC+ rF+, rElec rPois MP+9, Bglg, Alch}
   (You acquired it on level 1 of the Elven Halls)

   rElec:     It insulates you from electricity.
   rPois:     It protects you from poison MP+9: It affects your magic capacity
   (+9).
   It has a curse which improves the following skills: Beguiling: Conjurations,
   Hexes and Translocations.
   Alchemy:   Poison Magic and Transmutations.
 y - a scarf of resistance
 z - a +2 hat of willpower (worn)
 E - the cursed +2 buckler of Supernal Gnosis (melded) {AC+3, Melee, Range}
   (You took it off a tengu warrior on level 14 of the Dungeon)

   It has a curse which improves the following skills: Melee Combat: Short
   Blades, Long Blades, Axes, Maces & Flails, Polearms, Staves and Unarmed
   Combat.
   Ranged Combat: Ranged Weapons and Throwing.
 K - a +1 scale mail of cold resistance
 O - the cursed +0 pair of gloves of the Unyielding Gaze (worn) {Cun, Alch}
   (You bought it in a shop on level 12 of the Dungeon)

   It has a curse which improves the following skills: Cunning: Dodging and
   Stealth.
   Alchemy:   Poison Magic and Transmutations.
Jewellery
 d - a ring of resist corrosion
 n - the cursed amulet "Disgust of Ashenzari" (around neck) {Reflect SH+5, Self, Bglg}
   (You bought it in a shop on level 11 of the Dungeon)

   [amulet of reflection]

   Reflect:   It reflects blocked missile attacks.
   SH+5:      It affects your SH (+5).
   It has a curse which improves the following skills: Introspection: Fighting
   and Spellcasting.
   Beguiling: Conjurations, Hexes and Translocations.
 o - a ring of protection from cold
 q - the cursed ring "I Knew You'd Do That" (left hand) {Dex+6, Comp, Fort}
   (You found it on level 4 of the Dungeon)

   [ring of dexterity]

   Dex+6:     It affects your dexterity (+6).
   It has a curse which improves the following skills: Companions: Summonings
   and Necromancy.
   Fortitude: Armour and Shields.
 r - the cursed ring of the Mantic Yoke (right hand) {AC+4, Elem, Comp}
   (You found it on level 3 of the Dungeon)

   [ring of protection]

   AC+4:      It affects your AC (+4).
   It has a curse which improves the following skills: Elements: Fire Magic, Ice
   Magic, Air Magic and Earth Magic.
   Companions: Summonings and Necromancy.
 B - a ring of willpower
 R - the ring "Ecreocw" {Fire rElec rN+++ Int-4 Stlth+}
   (You acquired it on level 12 of the Dungeon)

   [ring of fire]

   Fire:      It enhances your fire magic.
   Int-4:     It affects your intelligence (-4).
   rF+:       It protects you from fire.
   rC-:       It makes you vulnerable to cold.
   rElec:     It insulates you from electricity.
   rN+++:     It renders you almost immune to negative energy.
   Stlth+:    It makes you more stealthy.
 Z - a ring of protection from fire
Talismans
 a - a serpent talisman
 c - a beast talisman
 m - a blade talisman
 Y - the flux talisman of Gozag's Delight (active) {Slay+3 SInv Stlth+}
   (You found it on level 4 of the Lair of Beasts)

   [flux talisman]

   Slay+3:    It affects your accuracy & damage with ranged weapons and melee
   (+3).
   SInv:      It lets you see invisible.
   Stlth+:    It makes you more stealthy.
Wands
 D - a wand of mindburst (10)
 M - a wand of paralysis (1)
 Q - a wand of flame (18)
Scrolls
 h - 4 scrolls of immolation
 j - 5 scrolls of teleportation
 u - 3 scrolls of torment
 v - a scroll of amnesia
 w - 2 scrolls of vulnerability
 P - a scroll of brand weapon
 S - 2 scrolls of enchant weapon
 X - 2 scrolls of poison
Potions
 e - 4 potions of enlightenment
 f - 2 potions of heal wounds
 k - 2 potions of magic
 l - 3 potions of mutation
 p - 3 potions of brilliance
 t - 3 potions of curing
 F - 3 potions of attraction
 J - 2 potions of invisibility
Miscellaneous
 L - a box of beasts


   Skills:
 * Level 20.3(22.1) Fighting
 * Level 10.3(12.5) Armour
 - Level 9.3(11.4) Dodging
 - Level 3.9(5.8) Stealth
 * Level 16.3(18.3) Unarmed Combat
 * Level 3.4(6.1) Summonings
 * Level 11.5(14.7) Ice Magic
 * Level 3.4(6.2) Air Magic
 * Level 11.8(13.9) Shapeshifting


You had 11 spell levels left.
You knew the following spells:

 Your Spells              Type           Power      Damage    Failure   Level
a - Summon Lightning Spi  Summ/Air       11%        N/A       32%         4

Your spell library contained the following spells:

 Spells                   Type           Power      Damage    Failure   Level
 Wereblood                Tmut           1%         N/A       45%         2
 Inner Flame              Hex/Fire       0%         N/A       73%         3
 Tukima's Dance           Hex            0%         N/A       73%         3
 Volatile Blastmotes      Fire/Tloc      0%         2d10      73%         3
 Animate Armour           Summ/Erth      12%        N/A       73%         4
 Silence                  Hex/Air        3%         N/A       97%         5
 Flame Wave               Conj/Fire      0%         2d4       98%         4
 Fulminant Prism          Conj/Hex       0%         3d5       98%         4
 Iskenderun's Mystic Bla  Conj/Tloc      0%         2d3       98%         4
 Leda's Liquefaction      Hex/Erth       0%         N/A       98%         4
 Passage of Golubria      Tloc           0%         N/A       98%         4
 Sticky Flame             Conj/Fire      0%         2d3       98%         4
 Irradiate                Conj/Tmut      0%         3d11      100%        5
 Lee's Rapid Deconstruct  Erth           0%         3d4*      100%        5
 Yara's Violent Unravell  Hex/Tmut       0%         3d3       100%        5
 Bombard                  Conj/Erth      0%         9d1       100%        6
 Lehudib's Crystal Spear  Conj/Erth      0%         10d2      100%        8


Dungeon Overview and Level Annotations

Branches:
Dungeon (15/15)            Temple (1/1) D:7            Lair (5/5) D:11
 Shoals (4/4) Lair:3       Spider (1/4) Lair:3        Slime (0/5) Lair:4
    Orc (2/2) D:10            Elf (2/3) Orc:2        Depths (0/4) D:15
  IceCv (visited)
 Vaults: D:13-14

Altars:
Ashenzari
Cheibriados
Dithmenos
Elyvilon
Fedhas
Gozag
Hepliaklqana
Kikubaaqudgha
Makhleb
Nemelex Xobeh
Okawaru
Qazlal
Ru
Sif Muna
Trog
Uskayaw
Vehumet
Wu Jian
Xom
Yredelemnul
Zin
The Shining One
Ignis
Lugonu

Shops:
D:1 ?   D:11 =   D:12 [   Orc:2 [*(=   Elf:2 [   Shoals:3 =

Portals:
Abyss: Lair:5
Trove: D:15 (give +2 gold dragon scales)

Annotations:
D:14 1 runed translucent door, dertzug's ghost, journeyman DrSh
Lair:3 Rupert
Shoals:1 Josephine


Innate Abilities, Weirdness & Mutations

You are something dangerously unstable.
You glow with magical radiation, making you easy to see and hit.
Foes you strike become dangerously contaminated with magical radiation.
You are incapable of wielding weapons or throwing items.
You have a pair of horns on your head.
You reflexively headbutt those who attack you in melee.
You are partially covered in iridescent scales. (AC +2)
You are strong-willed. (Will+)


Message History

There is an entrance to Goonotid's Armour Shoppe here.
There is an open door here.
Okay, then.
There is a large open door here.
The deep elf archer shouts!
The deep elf archer shoots an arrow.
You block the arrow with an invisible shield... and reflect it back!
The arrow hits the deep elf archer!!
You hear a shout! x2
There is a large open door here.
The deep elf zephyrmancer shouts!
The deep elf archer shoots an arrow.
You block the arrow with an invisible shield... and reflect it back!
The arrow hits the deep elf archer!
The deep elf archer shoots an arrow.
The arrow hits you!!
The deep elf archer shoots an arrow.
The arrow hits you!
The deep elf archer shoots an arrow.
You block the arrow with an invisible shield... and reflect it back!
The arrow closely misses the deep elf archer.
Unknown command.
The deep elf archer shoots an arrow.
The arrow hits you but does no damage.
The deep elf archer shoots an arrow.
The arrow hits you.
The deep elf archer shoots an arrow.
The arrow hits you!!
* * * LOW HITPOINT WARNING * * *
The deep elf zephyrmancer points at you and mumbles some strange words.
The bolt of lightning hits you! You resist.
* * * LOW HITPOINT WARNING * * *
The deep elf archer shoots an arrow.
The arrow hits you!
* * * LOW HITPOINT WARNING * * *
There is a large open door, spattered with blood here.
As you read the scroll of fear, it crumbles to dust.
You assume a fearsome visage.
The deep elf archer easily resists.
The deep elf archer looks frightened!
The deep elf archer resists with almost no effort.
The deep elf zephyrmancer looks frightened!
The deep elf archer shoots an arrow.
The arrow completely misses you.
The deep elf zephyrmancer gestures wildly while chanting.
The deep elf zephyrmancer blinks!
The deep elf archer shoots an arrow.
The arrow hits you!!
You die...

#.........+.....)##.##
#.#####..##..)......#
#.# ##''##.........#
#.# #....#...[._...#
#.# #...........[.'##
#.# #...............#
#.####................
#....'................
#....p..............[.
#..###................
#### #......e>........
#......e.........
#...e............
##...#ยง..........
##.##........)..
####...........
#)..........


You could see 3 deep elf archers.

Vanquished Creatures
  Gastronok (Lair:2)
  Donald (Lair:3)
  A deep elf elementalist (Elf:1)
  2 orc warlords
  A deep elf demonologist (Elf:1)
  4 merfolk impalers (Shoals:1)
  A merfolk javelineer (Shoals:1)
  An ettin (D:15)
  An entropy weaver (Lair:3)
  Erolcha (D:12)
  Harold (Lair:2)
  4 hydras
  2 merfolk aquamancers (Shoals:3)
  5 centaur warriors
  2 merfolk avatars
  A catoblepas (D:14)
  10 dancing weapons
  An alligator snapping turtle (Shoals:3)
  4 two-headed ogres
  5 tengu warriors
  A radroach (Spider:1)
  4 boulder beetles
  2 thrashing horrors (Lair:5)
  A demonic crawler (Lair:3)
  An occultist (D:15)
  2 sun demons (Shoals:3)
  2 orc high priests (Orc:2)
  9 skysharks
  Amaemon (Lair:2)
  5 deep elf knights
  A pharaoh ant (Lair:3)
  10 sea snakes
  13 slime creatures
  An arcanist (D:14)
  4 deep elf archers (Elf:1)
  A wolf spider (Spider:1)
  8 harpies (Shoals:1)
  11 deep elf zephyrmancers
  14 deep elf pyromancers
  3 orc sorcerers (Orc:2)
  The ghost of dertzug the Ruffian, a novice DrSh (D:6)
  5 cyclopes
  5 manticores
  A necromancer (D:15)
  3 orc knights
  3 ugly things
  A faun (Shoals:2)
  An ice statue (IceCv)
  A moth of wrath (Spider:1)
  An eye of devastation (shapeshifter) (D:15)
  37 elephants
  7 merfolk sirens
  3 water nymphs
  An orange demon (Lair:2)
  A gargoyle (D:12)
  5 black mambas
  2 smoke demons (Lair:5)
  13 cane toads
  2 torpor snails
  An unseen horror (shapeshifter) (D:13)
  A rime drake (shapeshifter) (Elf:1)
  Jeremiah (D:7)
  Maggie (Lair:2)
  A freezing wraith (IceCv)
  A tengu conjurer (D:15)
  2 efreet
  3 rime drakes
  3 komodo dragons
  A polar bear (Lair:3)
  6 trolls
  14 blink frogs
  2 hornets
  8 merfolk
  3 wind drakes
  A tarantella (shapeshifter) (D:15)
  A raiju (Lair:5)
  3 dream sheep
  4 snapping turtles
  A vampire (D:10)
  A culicivora (Lair:3)
  41 yaks
  A water elemental (Lair:3)
  A dire elephant simulacrum (IceCv)
  A spriggan (Lair:5)
  3 wraiths
  2 wyverns
  A fire bat (shapeshifter) (Lair:5)
  3 air elementals (Elf:1)
  4 fire elementals
  A redback (Spider:1)
  8 basilisks
  5 vampire mosquitoes
  2 chaos spawn (Lair:5)
  4 large abominations (Lair:5)
  A harpy simulacrum (IceCv)
  A warg (D:15)
  Duvessa (D:4)
  3 acid dragons
  16 water moccasins
  A hydra simulacrum (IceCv)
  24 orc warriors
  11 ogres
  7 black bears
  A tengu (shapeshifter) (Lair:5)
  19 wolves
  10 centaurs
  3 phantoms
  12 small abominations (Lair:5)
  17 bullfrogs
  An earth elemental (Elf:1)
  Blork the orc (D:5)
  A gnoll sergeant (D:11)
  4 two-headed ogre simulacra (IceCv)
  2 cane toad simulacra (IceCv)
  7 scorpions
  11 wights
  Dowan (D:4)
  3 elephant simulacra (IceCv)
  7 killer bees
  3 howler monkeys
  A crimson imp (D:3)
  10 hounds
  9 orc priests
  4 jellies
  2 sleepcaps
  4 iguanas
  11 orc wizards
  6 spriggan simulacra (IceCv)
  6 troll simulacra (IceCv)
  2 polar bear simulacra (IceCv)
  2 wolf simulacra (IceCv)
  6 ogre zombies (D:10)
  11 gnolls
  7 naga simulacra (IceCv)
  13 adders
  A shadow imp (D:6)
  6 white imps
  11 ufetubi
  A worm (D:3)
  2 dart slugs
  49 orcs
  8 endoplasms
  3 giant cockroaches
  10 goblins
  10 hobgoblins
  9 kobolds
  6 quokkas
  8 ball pythons
  4 bats
  3 frilled lizards
  3 gnoll skeletons (D:10)
  A gnoll zombie (D:10)
  2 goblin skeletons (D:3)
  2 goblin zombies (D:3)
  2 hobgoblin zombies (D:3)
  A kobold zombie (D:3)
  3 orc skeletons (D:10)
  12 orc zombies (D:10)
  7 rats
798 creatures vanquished.

Vanquished Creatures (others)
  A deep elf pyromancer (Elf:1)
  An orc wizard (Orc:2)
  An orc (D:8)
3 creatures vanquished.

Grand Total: 801 creatures vanquished

Notes
Turn   | Place    | Note
-------+----------+-------------------------------------------
     0 | D:1      | Amplified the Minotaur Shapeshifter began the quest for the
                  | Orb.
     0 | D:1      | Reached XP level 1. HP: 16/16 MP: 0/0
   142 | D:1      | Reached XP level 2. HP: 21/23 MP: 1/1
   308 | D:1      | Found Tenulept's Magic Scroll Shoppe.
   311 | D:1      | Bought a scroll of teleportation for 39 gold pieces
   356 | D:1      | Reached skill level 2 in Fighting
   611 | D:1      | Reached XP level 3. HP: 28/29 MP: 2/2
  1068 | D:3      | Reached XP level 4. HP: 37/37 MP: 3/3
  1073 | D:3      | Found a sacrificial altar of Ru.
  1250 | D:3      | Reached skill level 3 in Fighting
  1250 | D:3      | Reached XP level 5. HP: 21/45 MP: 4/4
  1436 | D:3      | Found a glowing golden altar of the Shining One.
  1554 | D:3      | You fall into a shaft and drop 2 floors!
  1554 | D:5      | Entered Level 5 of the Dungeon
  1955 | D:4      | Reached XP level 6. HP: 34/52 MP: 5/5
  2037 | D:4      | Noticed Dowan
  2038 | D:4      | Noticed Duvessa
  2054 | D:4      | Gained mutation: You are partially covered in iridescent
                  | scales. (AC +2) [potion of mutation]
  2054 | D:4      | Gained mutation: You are strong-willed. (Will+) [potion of
                  | mutation]
  2064 | D:4      | Killed Duvessa
  2065 | D:4      | Reached skill level 4 in Fighting
  2065 | D:4      | Reached skill level 5 in Unarmed Combat
  2080 | D:4      | Killed Dowan
  2165 | D:4      | Reached skill level 5 in Fighting
  2165 | D:4      | Reached XP level 7. HP: 56/61 MP: 6/6
  2198 | D:4      | Found a broken altar of Ashenzari.
  2242 | D:4      | Became a worshipper of Ashenzari the Shackled
  2552 | D:5      | Noticed Blork the orc
  2563 | D:5      | Killed Blork the orc
  2623 | D:5      | Reached skill level 6 in Fighting
  2623 | D:5      | Reached skill level 5 in Dodging
  2652 | D:5      | Reached XP level 8. HP: 44/71 MP: 7/7
  2714 | D:5      | Reached skill level 7 in Fighting
  2845 | D:5      | Found a sparkling altar of Nemelex Xobeh.
  2902 | D:5      | Found a basalt altar of Yredelemnul.
  2935 | D:5      | Found a radiant altar of Vehumet.
  2967 | D:5      | Found an ancient bone altar of Kikubaaqudgha.
  2968 | D:5      | Found a bloodstained altar of Trog.
  3273 | D:6      | Reached skill level 8 in Fighting
  3315 | D:6      | Reached skill level 9 in Fighting
  3315 | D:6      | Reached skill level 5 in Shapeshifting
  3399 | D:6      | Noticed a purple ugly thing
  3518 | D:6      | Found a transporter.
  3520 | D:6      | Noticed dertzug's ghost (novice DrSh)
  3521 | D:6      | Noticed a cyclops
  3620 | D:6      | Reached * piety under Ashenzari
  3629 | D:6      | Found a transporter.
  3642 | D:6      | Reached XP level 9. HP: 68/84 MP: 8/8
  3758 | D:6      | Reached skill level 10 in Fighting
  3815 | D:6      | Identified the +1 leather armour of Mezcal {rPois Str+3
                  | Int-2 Slay+3}
  4105 | D:6      | Killed a purple ugly thing
  4106 | D:6      | Reached skill level 11 in Fighting
  4216 | D:7      | Found a staircase to the Ecumenical Temple.
  4222 | Temple   | Entered the Ecumenical Temple
  4343 | D:7      | Reached ** piety under Ashenzari
  4371 | D:7      | Noticed Jeremiah
  4699 | D:7      | Noticed a komodo dragon
  4712 | D:7      | Killed a komodo dragon
  4991 | D:8      | Reached skill level 12 in Fighting
  5013 | D:8      | Upgraded the game from 0.31-a0-1009-g454b1f1e0a to
                  | 0.31-a0-1019-g3dd9dd1025
  5086 | D:8      | Reached XP level 10. HP: 97/97 MP: 9/9
  5518 | D:9      | Reached skill level 13 in Fighting
  5832 | D:9      | Found a burning altar of Makhleb.
  5924 | D:10     | Entered Level 10 of the Dungeon
  6193 | D:10     | Noticed a sea snake
  6242 | D:10     | Found an iron altar of Okawaru.
  6299 | D:10     | Reached skill level 14 in Fighting
  6299 | D:10     | Reached skill level 10 in Unarmed Combat
  6617 | D:10     | Found a staircase to the Orcish Mines.
  6778 | D:10     | Noticed a two-headed ogre
  6786 | D:10     | Killed a two-headed ogre
  6787 | D:10     | Reached XP level 11. HP: 78/111 MP: 10/10
  6917 | D:11     | Noticed a boulder beetle
  6931 | D:11     | Killed a boulder beetle
  6932 | D:11     | Reached skill level 15 in Fighting
  6946 | D:11     | Found Heczo's Jewellery Boutique.
  7007 | D:11     | Bought an amulet of reflection for 480 gold pieces
  7025 | D:11     | Noticed a two-headed ogre
  7035 | D:11     | Killed a two-headed ogre
  7092 | D:11     | Found a staircase to the Lair.
  7128 | D:11     | Found a frozen archway.
  7163 | IceCv    | Entered an ice cave
  7833 | IceCv    | Found the +6 arbalest "Damnation" {damnation}
  7846 | IceCv    | Noticed a reaper
  8066 | IceCv    | Reached skill level 16 in Fighting
  8084 | IceCv    | Reached *** piety under Ashenzari
  8681 | D:11     | Noticed a two-headed ogre
  8684 | D:11     | Killed a two-headed ogre
  8840 | D:12     | Reached XP level 12. HP: 117/123 MP: 11/11
  8840 | D:12     | Reached **** piety under Ashenzari
  8867 | D:12     | Found Xudoustro's Armour Boutique.
  8871 | D:12     | Bought a +0 pair of gloves for 81 gold pieces
  8921 | D:12     | Noticed a boulder beetle
  8931 | D:12     | Killed a boulder beetle
  8932 | D:12     | Reached skill level 1 in Armour
  8932 | D:12     | Reached skill level 1 in Ice Magic
  9027 | D:12     | Identified 2 scrolls of acquirement
  9093 | D:12     | Noticed Erolcha
  9099 | D:12     | Killed Erolcha
  9213 | D:13     | Noticed a boulder beetle
  9222 | D:13     | Killed a boulder beetle
  9400 | D:13     | Noticed a two-headed ogre
  9406 | D:13     | Killed a two-headed ogre
  9534 | D:13     | Noticed a centaur warrior
  9542 | D:13     | Killed a centaur warrior
  9602 | D:13     | Identified the ring "Jabuit" {rElec rF+ rN+ Int+2}
  9602 | D:13     | Identified the +8 scimitar "Houzal" {freeze, rF++ rC++
                  | Str+2 Int+3}
  9657 | D:13     | Noticed a boulder beetle
  9659 | D:13     | Noticed a two-headed ogre
  9698 | D:14     | Noticed a centaur warrior
  9778 | D:14     | Noticed a catoblepas
  9796 | D:14     | Killed a catoblepas
  9813 | D:15     | Entered Level 15 of the Dungeon
  9968 | D:15     | Noticed a centaur warrior
  9977 | D:15     | Killed a centaur warrior
  9985 | D:15     | Noticed a centaur warrior
  9986 | D:15     | Noticed a tengu warrior
  9991 | D:15     | Killed a centaur warrior
  9992 | D:15     | Reached skill level 17 in Fighting
 10010 | D:15     | Killed a tengu warrior
 10102 | D:15     | Noticed a tengu warrior
 10258 | D:15     | Reached skill level 5 in Ice Magic
 10306 | D:15     | Found a portal to a secret trove of treasure.
 10320 | D:15     | Acquired the ring "Ecreocw" {Fire rElec rN+++ Int-4 Stlth+}
 10322 | D:15     | Acquired 779 gold pieces
 10419 | D:15     | Noticed a tengu warrior
 10432 | D:15     | Killed a tengu warrior
 10443 | D:15     | Found an opulent altar of Gozag.
 10477 | D:15     | Killed a tengu warrior
 10486 | D:15     | Reached XP level 13. HP: 116/136 MP: 12/12
 10582 | D:15     | Found a staircase to the Depths.
 10837 | D:15     | Noticed an ettin
 10843 | D:15     | Killed an ettin
 11157 | D:14     | Found a runed translucent door.
 11157 | D:14     | Noticed dertzug's ghost (journeyman DrSh)
 11157 | D:14     | Noticed a frost giant
 11307 | D:14     | Reached skill level 5 in Armour
 11726 | D:7      | Killed Jeremiah
 11792 | D:6      | Killed dertzug's ghost
 12055 | Lair:1   | Entered Level 1 of the Lair of Beasts
 12072 | Lair:1   | Reached ***** piety under Ashenzari
 12630 | Lair:2   | Noticed Amaemon
 12638 | Lair:2   | Killed Amaemon
 12730 | Lair:2   | Noticed Harold
 12737 | Lair:2   | Killed Harold
 12738 | Lair:2   | Reached skill level 18 in Fighting
 12841 | Lair:2   | Noticed Gastronok
 12855 | Lair:2   | Killed Gastronok
 12856 | Lair:2   | Reached skill level 10 in Shapeshifting
 12933 | Lair:2   | Noticed Maggie
 12940 | Lair:2   | Killed Maggie
 13039 | Lair:2   | Reached XP level 14. HP: 148/148 MP: 13/13
 13351 | Lair:3   | Found a hole to the Spider Nest.
 13388 | Lair:3   | Noticed Rupert
 13504 | Lair:4   | Reached skill level 1 in Stealth
 13601 | Lair:4   | Identified the flux talisman of Gozag's Delight {Slay+3
                  | SInv Stlth+}
 13883 | Lair:4   | Found a staircase to the Slime Pits.
 13950 | Lair:5   | Entered Level 5 of the Lair of Beasts
 14629 | Lair:5   | Reached skill level 19 in Fighting
 14854 | Lair:5   | Reached XP level 15. HP: 145/157 MP: 14/14
 14992 | Lair:5   | Reached skill level 15 in Unarmed Combat
 15013 | Lair:5   | Reached skill level 10 in Ice Magic
 15023 | Lair:5   | Found a corrupted altar of Lugonu.
 15023 | Lair:5   | Found a one-way gate to the infinite horrors of the Abyss.
 15375 | Orc:1    | Entered Level 1 of the Orcish Mines
 15638 | D:14     | Identified the cursed -1 demon whip "Per Aspera Ad
                  | Scientiam" {venom, Fort, Bglg} (You took it off Amaemon on
                  | level 2 of the Lair of Beasts)
 15660 | D:14     | Reached ****** piety under Ashenzari
 15939 | Orc:2    | Entered Level 2 of the Orcish Mines
 16021 | Orc:2    | Found a staircase to the Elven Halls.
 16149 | Orc:2    | Found Atupleov's General Store.
 16198 | Orc:2    | Found Etatabas's Antique Armour Boutique.
 16206 | Orc:2    | Bought a steaming plate armour for 728 gold pieces
 16206 | Orc:2    | Identified the +2 plate armour of Insatiable Hunger {rPois
                  | MP+9 Str-5 Int+4} (You bought it in a shop on level 2 of
                  | the Orcish Mines)
 16206 | Orc:2    | Bought a bloodstained chain mail for 247 gold pieces
 16206 | Orc:2    | Identified the +0 chain mail of Untold Secrets {rC+} (You
                  | bought it in a shop on level 2 of the Orcish Mines)
 16206 | Orc:2    | Bought a fine orb for 364 gold pieces
 16206 | Orc:2    | Identified the orb of Omoces {mayhem, Dex+3} (You bought it
                  | in a shop on level 2 of the Orcish Mines)
 16209 | Orc:2    | Bought an embroidered scarf for 208 gold pieces
 16209 | Orc:2    | Bought a runed hat for 182 gold pieces
 16391 | Orc:2    | Found Woc Net's Jewellery Shop.
 16425 | Orc:2    | Found Xulevekh's Antique Weapon Shoppe.
 16782 | D:1      | Bought a scroll of enchant armour for 97 gold pieces
 16782 | D:1      | Bought a scroll of teleportation for 39 gold pieces
 16782 | D:1      | Bought a scroll of fear for 52 gold pieces
 17058 | Orc:2    | Bought an embroidered cloak for 195 gold pieces
 17096 | Vaults:5 | Identified the "Sasch"
 17096 | Vaults:5 | Identified the "Niplas"
 17096 | Vaults:5 | Identified the "Yries"
 17096 | Depths:2 | Identified the of Valeleb
 17096 | Elf:1    | Entered Level 1 of the Elven Halls
 17140 | Elf:1    | Paralysed by an air elemental for 1 turns
 17494 | Elf:2    | Found a shimmering blue altar of Sif Muna.
 17530 | Elf:2    | Found Goonotid's Armour Shoppe.
 18101 | Lair:3   | Found a staircase to the Shoals.
 18159 | Lair:3   | Learned a level 4 spell: Summon Lightning Spire
 18364 | Shoals:1 | Entered Level 1 of the Shoals
 18468 | Shoals:1 | Reached skill level 1 in Air Magic
 18471 | Shoals:1 | Reached skill level 1 in Summonings
 18941 | Shoals:1 | Reached XP level 16. HP: 97/168 MP: 15/15
 19292 | Shoals:4 | Entered Level 4 of the Shoals
 19317 | Shoals:3 | Upgraded the game from 0.31-a0-1019-g3dd9dd1025 to
                  | 0.31-a0-1059-g83d41fd8b6
 20083 | Shoals:3 | Reached skill level 20 in Fighting
 20108 | Shoals:3 | Found Jarr's Jewellery Boutique.
 20284 | Shoals:1 | Noticed Josephine
 20330 | Lair:3   | Upgraded the game from 0.31-a0-1059-g83d41fd8b6 to
                  | 0.31-a0-1068-g5939ac1fb6
 20375 | Spider:1 | Entered Level 1 of the Spider Nest
 20603 | Spider:1 | Noticed Donald
 20634 | Lair:3   | Killed Donald
 21025 | Elf:1    | Acquired the scarf of Calculation {rC+ rF+, rElec rPois
                  | MP+9}
 21133 | Elf:1    | Reached skill level 10 in Armour
 21309 | Elf:1    | Paralysed by an air elemental for 1 turns
 21514 | Elf:1    | Paralysed by an air elemental for 1 turns
 21744 | Elf:2    | Shot with an arrow by a deep elf archer

Illustrated notes

Levels and vault maps discovered:
D:1:      lightli_arrival_chessboard, layout_basic, serial_shops,
          nicolae_shop_rolled_up
D:2:      layout_basic
D:3:      cheibrodos_helix_gallery, layout_basic, nicolae_tso_besieged_by_evil,
          nicolae_ru_great_annihilating_truth, st_stairs_14, dk_vineyard_3,
          minmay_three_crescents
D:4:      layout_layer_cave, evilmike_ruin_ashenzari, minmay_manual_moon,
          uniq_duvessa
D:5:      layout_loops_ring, mainiacjoe_overflow_surrounded_room,
          gammafunk_temple_overflow_statue,
          chequers_temple_overflow_statue_of_worship,
          nicolae_elevator_lobby_asterisk, uniq_blork_the_orc, uniq_edmund
D:6:      minmay_opposing_rooms, layout_loops_ring, gammafunk_ghost_arena,
          nzn_random_ring
D:7:      layout_basic, minmay_temple_entry_enclosed_plants, uniq_jeremiah
D:8:      nicolae_cairo_tiling_very_big, layout_layer_cave, grunt_ministairs_8,
          kennysheep_small_circle
D:9:      layout_roguey, lightli_temple_of_fire, hex_medium,
          minmay_misc_feat_ornament, minivault_21
D:10:     layout_loops_corners, old_standard_altar, zombieorc1_lemuel,
          serial_aquarium, aquarium_bridge_straight [aquarium_subvault_bridge,
          aquarium_subvault_window, aquarium_subvault_bridge,
          aquarium_subvault_wall], aquarium_bridge_island_small
          [aquarium_subvault_small_open, aquarium_subvault_wall,
          aquarium_subvault_wall, aquarium_subvault_bridge,
          aquarium_subvault_window], aquarium_window_fake, aquarium_window_2,
          aquarium_window_fake, aquarium_window_fake, aquarium_view_2d,
          serial_park_tiny_pond
D:11:     layout_loops_corners, lair_entry_dummy, serial_shops,
          nicolae_shop_crystal, portal_ice_cave_rime
D:12:     layout_roguey, serial_shops, shop, uniq_erolcha
D:13:     layout_gridville, david_vaults_1, due_unseen_surprise, uniq_frances
D:14:     layout_layer_cave, ebering_ghost_inner_flame
D:15:     hangedman_depths_entry_civil_slaughter, layout_loops_ring,
          nicolae_trove_entry_diagonal, nicolae_gozag_seed_capital,
          fake_guardian_serpent_vault
Temple:   ebering_untended_altars
Lair:1:   layout_loops_ring
Lair:2:   layout_cave_pods, serial_bayou_shore_a, uniq_amaemon, uniq_maggie,
          uniq_gastronok, uniq_harold
Lair:3:   layout_regular_city, minmay_shoals_entry_hut, dummy_spider_entry,
          serial_bayou_shore_b, infiniplex_staircase_pool, uniq_rupert
Lair:4:   cheibrodos_lair_river_kwai, layout_long_grid, slime_entry_1,
          infiniplex_staircase_pool_2, grunt_megastairs_2
Lair:5:   hellmonk_lair_end_abyssal_woods, layout_cave_pods, grunt_megastairs_1
Shoals:1: layout_shoals, nicolae_shoals_water_booths, uniq_josephine
Shoals:2: layout_shoals
Shoals:3: cheibrodos_shoals_epimethial_gifts, layout_shoals, serial_shops, shop,
          nicolae_shoals_sun_and_surf
Shoals:4: shoals_end_hellmonk_holy_island, serial_shops
Spider:1: layout_spider_delve, uniq_donald, uniq_agnes
Orc:1:    layout_caves, basic_altar
Orc:2:    grunt_orc_gardens, layout_caves, grunt_orc_garden, grunt_orc_garden,
          grunt_orc_garden, grunt_orc_garden
Elf:1:    nicolae_elf_arrival_fired_up, layout_geoelf_octagon, minivault_28
Elf:2:    nicolae_elf_blades_crystal_corner, layout_gridlike, basic_altar,
          serial_shops, nicolae_shop_tiny_real_fake_doors

Skill      XL: |  1  2  3  4  5  6  7  8  9 10 11 12 13 14 15 16 |
---------------+-------------------------------------------------+-----
Fighting       | 2 3 5 6 9 12 14 16 17 18 19 20 | 20.3
Dodging        | 3 4 5 6 7 8 9 |  9.3
Unarmed Combat | 4 5 6 7 8 10 11 12 13 14 15 16 | 16.3
Shapeshifting  | 3 4 5 6 7 8 9 10 11 | 11.8
Armour         | 4 6 7 9 10 | 10.3
Ice Magic      | 5 7 9 11 | 11.5
Stealth        | 2 3 |  3.9
Air Magic      | 1 3 |  3.4
Summonings     | 1 3 |  3.4

Action                     |  1- 3 |  4- 6 |  7- 9 | 10-12 | 13-15 | 16-18 || total
---------------------------+-------+-------+-------+-------+-------+-------++-------
  Melee: Unarmed           |    68 |   119 |   249 |   564 |  1104 |   302 ||  2406
         Headbutt          |    10 |    13 |    49 |   170 |   325 |   102 ||   669
         Punch             |     1 |     5 |     1 |       |       |       ||     7
  Throw: Throwing net      |       |     1 |       |       |       |       ||     1
 Invoke: Curse Item        |       |       |     4 |     3 |     4 |     1 ||    12
         Shatter the Chain |       |       |       |       |     3 |       ||     3
Ability: Begin Untransform |       |       |     1 |       |     2 |       ||     3
  Evoke: Wand              |       |       |     7 |     8 |       |     5 ||    20
         Box of beasts     |       |       |       |       |     1 |       ||     1
    Use: Scroll            |     2 |     3 |     7 |     8 |     7 |    12 ||    39
         Potion            |       |     4 |     9 |     5 |     7 |     5 ||    30
   Stab: Paralysed         |       |     1 |       |     3 |       |       ||     4
         Sleeping          |       |     1 |       |       |     1 |     1 ||     3
         Held in net/web   |       |     1 |       |       |       |       ||     1
 Armour: Animal skin       |    39 |     6 |       |       |       |       ||    45
         Ring mail         |       |    64 |   127 |       |       |       ||   191
         Skin              |       |       |     5 |       |       |       ||     5
         Leather armour    |       |       |    29 |   311 |   606 |   232 ||  1178
  Dodge: Dodged            |    43 |    77 |   147 |   343 |   658 |   176 ||  1444
  Block: Other             |       |       |       |    59 |   206 |    41 ||   306
         Reflection        |       |       |       |     7 |     4 |     4 ||    15
   Form: Beast             |       |     1 |       |       |       |       ||     1
         Flux              |       |       |     1 |       |     4 |       ||     5
                           |       |       |       |       |     1 |       ||     1

Table legend: (Time is in decaauts)
 A = Elapsed time spent in this place.
 B = Non-inter-level travel time spent in this place.
 C = Inter-level travel time spent in this place.
 D = Time resting spent in this place.
 E = Time spent auto-exploring this place.
 F = Levels seen in this place.
 G = Mean time per level.
                   A        B        C        D        E       F      G
               +--------+--------+--------+--------+--------+-----+--------+
         Total |  21155 |  18512 |   2643 |   3319 |    482 |  31 |  682.4 |
       Dungeon |  11894 |   9889 |   2005 |   1232 |    336 |  15 |  792.9 |
        Temple |      1 |      1 |      0 |      0 |      0 |   1 |    1.0 |
          Lair |   3985 |   3512 |    473 |    418 |    137 |   5 |  797.0 |
        Shoals |   1869 |   1869 |      0 |    840 |      0 |   4 |  467.2 |
   Spider Nest |     53 |     53 |      0 |      0 |      0 |   1 |   53.0 |
  Orcish Mines |    928 |    784 |    144 |      1 |      9 |   2 |  464.0 |
   Elven Halls |   1427 |   1406 |     21 |    424 |      0 |   2 |  713.5 |
      Ice Cave |    994 |    994 |      0 |    403 |      0 |   1 |  994.0 |
               +--------+--------+--------+--------+--------+-----+--------+

Top non-repeatable levels by time:
     D:6: 1246 daAuts
    D:10: 1237 daAuts
   Elf:1: 1209 daAuts
  Lair:5: 1141 daAuts
    D:14: 1064 daAuts
  Lair:3: 1046 daAuts
    D:11: 1031 daAuts
    D:15: 1015 daAuts
     D:4: 1001 daAuts
   IceCv: 994 daAuts
Shoals:1: 907 daAuts
Shoals:3: 872 daAuts
     D:8: 729 daAuts
     D:1: 729 daAuts
  Lair:2: 714 daAuts
